 Dungeon Crawl Stone Soup version 0.32-a0-12-g7fc57aa741 (webtiles) character file.

Game seed: 6398630042904509795

166 zazu2006 the Cudgeller (level 5, -4/47 HPs)
             Began as a Gnoll Wanderer on Jan 14, 2024.
             Was an Initiate of Vehumet.
             Slain by Blork the orc
             ... wielding a +0 battleaxe
              (13 damage)
             ... on level 6 of the Dungeon.
             The game lasted 00:04:38 (2398 turns).

zazu2006 the Cudgeller (Gnoll Wanderer)             Turns: 2398, Time: 00:04:40

Health: -4/47      AC:  3    Str: 13    XL:     5   Next: 47%
Magic:  5/9        EV: 11    Int: 12    God:    Vehumet [......]
Gold:   162        SH:  0    Dex: 11    Spells: 9/10 levels left

rFire   . . .        a - +1 flail
rCold   . . .        (no shield)
rNeg    . . .        c - +0 leather armour
rPois   .            (no helmet)
rElec   .            (no cloak)
rCorr   .            (no gloves)
SInv    .            (no boots)
Will    .....        (no amulet)
Stlth   +            (no ring)
HPRegen 0.27/turn    (no ring)
MPRegen 0.11/turn

%: no passive effects
@: attractive
A: fangs 1, strong nose, distributed training
a: Renounce Religion


You were on level 6 of the Dungeon.
You worshipped Vehumet.
Vehumet was noncommittal.
You visited 1 branch of the dungeon, and saw 4 of its levels.

You collected 162 gold pieces.

Inventory:

Hand Weapons
 a - a +1 flail (weapon)
Armour
 c - a +0 leather armour (worn)
 k - a +0 buckler
Wands
 r - a wand of flame (17)
Scrolls
 b - a scroll of fog
 d - a scroll of summoning {unknown}
 e - a scroll of teleportation {unknown}
 h - 3 scrolls of identify {unknown}
 i - 3 scrolls of blinking {unknown}
 m - a scroll of amnesia {unknown}
 o - a scroll of acquirement {unknown}
 p - a scroll of revelation {unknown}
 q - a scroll of vulnerability {unknown}
Potions
 g - a potion of curing {unknown}
 j - a potion of brilliance {unknown}
 l - a potion of enlightenment {unknown}
 n - a potion of haste {unknown}


   Skills:
 + Level 6.7 Fighting
 + Level 1.6 Short Blades
 + Level 1.6 Long Blades
 + Level 1.6 Axes
 + Level 6.7 Maces & Flails
 + Level 1.6 Polearms
 + Level 1.6 Staves
 + Level 1.6 Ranged Weapons
 + Level 1.6 Throwing
 + Level 1.6 Armour
 + Level 1.6 Dodging
 + Level 1.6 Stealth
 + Level 1.6 Shields
 + Level 1.6 Unarmed Combat
 + Level 3.2 Spellcasting
 + Level 1.2 Conjurations
 + Level 1.2 Hexes
 + Level 1.2 Summonings
 + Level 1.2 Necromancy
 + Level 1.2 Translocations
 + Level 2.4 Fire Magic
 + Level 1.2 Ice Magic
 + Level 1.2 Air Magic
 + Level 1.2 Earth Magic
 + Level 1.2 Alchemy
 + Level 3.1 Invocations
 + Level 3.0 Evocations
 + Level 1.4 Shapeshifting


You had 9 spell levels left.
You knew the following spells:

 Your Spells              Type           Power      Damage    Failure   Level
a - Foxfire               Conj/Fire      24%        2x1d5     14%         1

Your spell library contained the following spells:

 Spells                   Type           Power      Damage    Failure   Level
 Magic Dart               Conj           20%        1d4       19%         1
 Sting                    Conj/Alch      20%        1d4       19%         1
 Blink                    Tloc           10%        N/A       26%         2
 Call Imp                 Summ           10%        N/A       26%         2
 Mercury Vapours          Alch/Air       10%        N/A       26%         2
 Volatile Blastmotes      Fire/Tloc      12%        2d11      38%         3
 Martyr's Knell           Necr/Summ      5%         N/A       87%         4
 Olgreb's Toxic Radiance  Alch           5%         N/A       87%         4
 Summon Horrible Things   Summ           2%         N/A       100%        8


Dungeon Overview and Level Annotations

Branches:
Dungeon (6/15)
 Temple: D:4-7

Altars:
Vehumet

Shops:
D:1 [

Annotations:
D:3 Sigmund
D:6 Blork the orc


Innate Abilities, Weirdness & Mutations

You have very sharp teeth.
Your uncanny sense of smell can sniff out nearby items.
Your experience applies equally to all skills.


Message History

Aim: an iguana (heavily wounded, 75% to hit)
The puff of flame hits the iguana.
The iguana is almost dead.
The iguana closely misses you.
Unknown command.
Aiming: Throw Flame
Press: ? - help, Shift-Dir - straight line, f/p - iguana
Aim: an iguana (almost dead, 75% to hit)
The puff of flame misses the iguana.
Blork the orc barely misses you. The iguana bites you!
Unknown command.
Casting: Foxfire (safe; 14% risk of failure)
Confirm with . or Enter, or press ? or * to list all spells.
You conjure some foxfire!
Blork the orc barely misses you. The iguana completely misses you.
Blork the orc barely misses you.
You barely miss the iguana. Your bite misses the iguana.
The iguana is almost dead.
The foxfire hits the iguana.
The iguana is almost dead.
The foxfire hits Blork the orc.
Blork the orc is lightly wounded.
Blork the orc zaps a wand.
The puff of flame hits you! The iguana bites you!
Your magical contamination has completely faded away.
Casting: Foxfire (safe; 14% risk of failure)
Confirm with . or Enter, or press ? or * to list all spells.
You conjure some foxfire!
Blork the orc zaps a wand.
The puff of flame hits you!
* * * LOW HITPOINT WARNING * * *
The iguana closely misses you.
Blork the orc zaps a wand.
The puff of flame hits you.
* * * LOW HITPOINT WARNING * * *
Unknown command.
It was a potion of attraction.
You feel attractive to monsters.
The foxfire hits Blork the orc but does no damage.
Blork the orc is lightly wounded.
The foxfire hits Blork the orc.
Blork the orc is moderately wounded.
Blork the orc hits you with a +0 battleaxe!
You die...

..# ## #.# ### ####.. ...
+..###.... #o# #........#
#.# ∆ #........########.#
#..............##.# ∆
#........†....o##.#
+.>.........§@l'..####
#.....).....§..##....#
#........###########.#
#........# #.### #........#
#...##
#........#############..#
#..................####.####
########...................#
#...................#


You could see Blork the orc (fast) and an iguana.

Vanquished Creatures
  2 orc priests
  5 adders
  A dart slug (D:1)
  A ribbon worm (D:2)
  5 orcs
  6 endoplasms
  5 goblins
  5 hobgoblins
  2 jackals (D:2)
  3 kobolds
  A quokka (D:1)
  2 ball pythons
  7 bats
  A frilled lizard (D:2)
  5 rats (D:1)
51 creatures vanquished.

Vanquished Creatures (others)
  136 foxfires
136 creatures vanquished.

Grand Total: 187 creatures vanquished

Notes
Turn   | Place    | Note
-------+----------+-------------------------------------------
     0 | D:1      | zazu2006 the Gnoll Wanderer began the quest for the Orb.
     0 | D:1      | zazu2006 set off with the following items: a +1 flail, a
                  | scroll of fog, a +0 leather armour; and the following spell
                  | memorised: Foxfire; and the following spells available to
                  | memorise: Volatile Blastmotes.
     0 | D:1      | Reached XP level 1. HP: 23/23 MP: 4/4
    76 | D:1      | Reached XP level 2. HP: 29/29 MP: 3/5
   307 | D:1      | Found Qiorgh's Antique Armour Boutique.
   668 | D:1      | Reached XP level 3. HP: 27/35 MP: 4/7
   881 | D:2      | Got Anez's Discursus on Company
  1156 | D:2      | Reached skill level 1 in Short Blades
  1156 | D:2      | Reached skill level 1 in Long Blades
  1156 | D:2      | Reached skill level 1 in Axes
  1156 | D:2      | Reached skill level 1 in Polearms
  1156 | D:2      | Reached skill level 1 in Staves
  1156 | D:2      | Reached skill level 1 in Ranged Weapons
  1156 | D:2      | Reached skill level 1 in Throwing
  1156 | D:2      | Reached skill level 1 in Armour
  1156 | D:2      | Reached skill level 1 in Dodging
  1156 | D:2      | Reached skill level 1 in Stealth
  1156 | D:2      | Reached skill level 1 in Shields
  1156 | D:2      | Reached skill level 1 in Unarmed Combat
  1313 | D:2      | Reached skill level 1 in Shapeshifting
  1313 | D:2      | Reached XP level 4. HP: 41/41 MP: 5/8
  1725 | D:3      | Reached skill level 1 in Conjurations
  1725 | D:3      | Reached skill level 1 in Hexes
  1725 | D:3      | Reached skill level 1 in Summonings
  1725 | D:3      | Reached skill level 1 in Necromancy
  1725 | D:3      | Reached skill level 1 in Translocations
  1725 | D:3      | Reached skill level 1 in Ice Magic
  1725 | D:3      | Reached skill level 1 in Air Magic
  1725 | D:3      | Reached skill level 1 in Earth Magic
  1725 | D:3      | Reached skill level 1 in Alchemy
  1729 | D:3      | Noticed Sigmund
  1929 | D:3      | Found a radiant altar of Vehumet.
  1960 | D:3      | Became a worshipper of Vehumet
  2135 | D:3      | Reached XP level 5. HP: 47/47 MP: 1/9
  2135 | D:3      | You fall into a shaft and drop 3 floors!
  2380 | D:6      | Noticed Blork the orc
  2398 | D:6      | Slain by Blork the orc

Illustrated notes

Levels and vault maps discovered:
D:1:      scummos_arrival_star, layout_basic, serial_shops,
          nicolae_shop_dealshenge, minmay_tetromino_l4
D:2:      layout_basic
D:3:      layout_basic, mainiacjoe_overflow_alcove_2,
          dreamdust_ecumenical_altar_grove, minmay_lizard_king, uniq_sigmund,
          uniq_crazy_yiuf_cottage
D:6:      layout_basic, lemuel_temple_firewalk_b, uniq_blork_the_orc

Skill      XL: |  1  2  3  4  5 |
---------------+----------------+-----
Fire Magic     | 2 |  2.4
Short Blades   | 1 |  1.6
Long Blades    | 1 |  1.6
Axes           | 1 |  1.6
Polearms       | 1 |  1.6
Staves         | 1 |  1.6
Ranged Weapons | 1 |  1.6
Throwing       | 1 |  1.6
Armour         | 1 |  1.6
Dodging        | 1 |  1.6
Stealth        | 1 |  1.6
Shields        | 1 |  1.6
Unarmed Combat | 1 |  1.6
Shapeshifting  | 1 |  1.4
Spellcasting   | 3 |  3.2
Conjurations   | 1 |  1.2
Hexes          | 1 |  1.2
Summonings     | 1 |  1.2
Necromancy     | 1 |  1.2
Translocations | 1 |  1.2
Ice Magic      | 1 |  1.2
Air Magic      | 1 |  1.2
Earth Magic    | 1 |  1.2
Alchemy        | 1 |  1.2
Invocations    | 3 |  3.1
Evocations     | 3 |  3.0
Fighting       | |  6.7
Maces & Flails | |  6.7

Action                     |  1- 3 |  4- 6 || total
---------------------------+-------+-------++-------
  Melee: Flail             |    39 |    13 ||    52
         Bite              |     2 |     1 ||     3
   Cast: Foxfire           |    49 |    39 ||    88
  Evoke: Wand              |       |     2 ||     2
    Use: Potion            |       |     1 ||     1
 Armour: Leather armour    |    21 |    29 ||    50
  Dodge: Dodged            |    25 |    12 ||    37

Table legend: (Time is in decaauts)
 A = Elapsed time spent in this place.
 B = Non-inter-level travel time spent in this place.
 C = Inter-level travel time spent in this place.
 D = Time resting spent in this place.
 E = Time spent auto-exploring this place.
 F = Levels seen in this place.
 G = Mean time per level.
                   A        B        C        D        E       F      G
               +--------+--------+--------+--------+--------+-----+--------+
         Total |   2401 |   2328 |     73 |    108 |   1775 |   4 |  600.2 |
       Dungeon |   2401 |   2328 |     73 |    108 |   1775 |   4 |  600.2 |
               +--------+--------+--------+--------+--------+-----+--------+

Top non-repeatable levels by time:
     D:2: 985 daAuts
     D:1: 799 daAuts
     D:3: 353 daAuts
     D:6: 263 daAuts
